 Dungeon Crawl Stone Soup version 0.29-a0-393-g47a863cc1b (webtiles) character file.

Game seed: 17856587498763925657

2473 croobank the Covert (level 9, -4/74 HPs)
             Began as a Gnoll Delver on May 10, 2022.
             Was an Initiate of Gozag.
             Slain by a two-headed ogre
             ... wielding a +0 giant club
              (24 damage)
             ... on level 6 of the Dungeon.
             The game lasted 00:34:34 (8860 turns).

croobank the Covert (Gnoll Delver)                  Turns: 8860, Time: 00:34:37

Health: -4/74      AC: 10    Str: 13    XL:     9   Next: 51%
Magic:  4/15       EV: 13    Int: 13    God:    Gozag
Gold:   389        SH:  0    Dex: 13    Spells: 4/16 levels left

rFire   . . .      SeeInvis .   f - +1 morningstar (flame)
rCold   . . .      Faith    .   (no shield)
rNeg    . . .      Spirit   .   o - +0 acid dragon scales
rPois   +          Reflect  .   (no helmet)
rElec   .          Harm     .   B - +2 cloak
rCorr   +          Rampage  .   (no gloves)
Will    .....                   (no boots)
Stlth   ++++......              (no amulet)
HPRegen 0.22/turn               s - ring of poison resistance
MPRegen 0.14/turn               (no ring)

@: confusing by touch, gold aura
A: fangs 1, strong nose, distributed training, MP-powered wands
a: Renounce Religion, Potion Petition, Call Merchant, Bribe Branch


You were on level 6 of the Dungeon.
You worshipped Gozag.
Gozag was aware of your devotion.
You visited 2 branches of the dungeon, and saw 8 of its levels.

You collected 464 gold pieces.
You paid 75 gold pieces to Gozag.

Inventory:

Hand Weapons
 a - a +1 war axe
 f - a +1 morningstar of flaming (weapon)
 r - a +1 dire flail of holy wrath
 v - a +3 dagger of protection
 G - a +0 dagger of holy wrath
Missiles
 l - 123 stones
 y - 12 poisoned darts (quivered)
 E - a boomerang
Armour
 b - a +0 leather armour
 m - a +0 chain mail
 o - +0 acid dragon scales (worn)
 q - a +0 ring mail
 u - a +0 kite shield
 B - a +2 cloak (worn)
 H - a +0 plate armour
Magical Staves
 I - a staff of fire
Jewellery
 s - a ring of poison resistance (left hand)
 x - a ring of ice
Wands
 g - a wand of digging (2)
 j - a wand of polymorph (6)
 t - a wand of charming (4)
Scrolls
 c - a scroll of fog
 d - a scroll of magic mapping
 i - 2 scrolls of teleportation
 k - a scroll of immolation
Potions
 e - a potion of haste
 h - 3 potions of cancellation
 n - a potion of attraction
 p - a potion of magic
 w - a potion of might
 A - 2 potions of flight
 C - a potion of curing
 F - a potion of invisibility {unknown}


   Skills:
 + Level 7.9 Fighting
 + Level 4.3 Short Blades
 + Level 4.3 Long Blades
 + Level 6.3 Axes
 + Level 4.3 Maces & Flails
 + Level 4.3 Polearms
 + Level 4.3 Staves
 + Level 4.3 Slings
 + Level 4.3 Bows
 + Level 4.3 Crossbows
 + Level 4.3 Throwing
 + Level 4.3 Armour
 + Level 6.3 Dodging
 + Level 10.5 Stealth
 + Level 4.3 Shields
 + Level 4.3 Unarmed Combat
 + Level 4.3 Spellcasting
 + Level 3.5 Conjurations
 + Level 3.5 Hexes
 + Level 3.5 Summonings
 + Level 3.5 Necromancy
 + Level 3.5 Translocations
 + Level 3.5 Transmutations
 + Level 3.5 Fire Magic
 + Level 3.5 Ice Magic
 + Level 3.5 Air Magic
 + Level 3.5 Earth Magic
 + Level 3.5 Poison Magic
 + Level 4.7 Invocations
 + Level 4.3 Evocations


You had 4 spell levels left.
You knew the following spells:

 Your Spells              Type           Power      Damage    Failure   Level
a - Slow                  Hex            48%        N/A       7%          1
b - Ensorcelled Hibernat  Hex/Ice        24%        N/A       10%         2
c - Mephitic Cloud        Conj/Pois/Air  12%        N/A       21%         3
d - Confusing Touch       Hex            12%        N/A       21%         3
e - Frozen Ramparts       Ice            24%        1d4       21%         3

Your spell library contained the following spells:

 Spells                   Type           Power      Damage    Failure   Level
 Freeze                   Ice            48%        1d7       7%          1
 Magic Dart               Conj           48%        1d5       7%          1
 Call Imp                 Summ           12%        N/A       10%         2
 Spider Form              Tmut/Pois      12%        N/A       21%         3
 Vampiric Draining        Necr           12%        2d6       21%         3
 Anguish                  Hex/Necr       6%         N/A       54%         4
 Hailstorm                Conj/Ice       12%        3d5       54%         4


Dungeon Overview and Level Annotations

Branches:
Dungeon (7/15)             Temple (1/1) D:5

Altars:
Dithmenos
Elyvilon
Gozag
Makhleb
Nemelex Xobeh
Okawaru
Qazlal
Sif Muna
Wu Jian


Innate Abilities, Weirdness & Mutations

You have very sharp teeth.
Your uncanny sense of smell can sniff out nearby items.
Your experience applies equally to all skills.
You expend magic power (3 MP) to strengthen your wands.


Message History

Press: ? - help, Shift-Dir - straight line, f/p - black bear
Aim: a black bear (chance to affect: 66%)
You feel a surge of power!
The black bear is charmed.
The two-headed ogre hits your black bear with a +0 giant club!
The two-headed ogre hits your black bear with a +0 giant spiked club!!
Your black bear dies!
Casting: Slow (safe; 7% risk of failure)
Confirm with . or Enter, or press ? or * to list all spells.
Aiming: Ensorcelled Hibernation (safe; 10% risk of failure)
Press: ? - help, Shift-Dir - straight line, f - two-headed ogre
Aim: a two-headed ogre, wielding a +0 giant club and a +0 giant spiked club (chance to affect: 28%)
Okay, then.
Casting: Ensorcelled Hibernation (safe; 10% risk of failure)
Confirm with . or Enter, or press ? or * to list all spells.
Aiming: Slow (safe; 7% risk of failure)
Press: ? - help, Shift-Dir - straight line, f - two-headed ogre
Aim: a two-headed ogre, wielding a +0 giant club and a +0 giant spiked club (chance to affect: 33%)
Okay, then.
Casting: Slow (safe; 7% risk of failure)
Confirm with . or Enter, or press ? or * to list all spells.
Your hands begin to glow red.
The two-headed ogre is distracted by your dazzling golden aura.
You see here 12 gold pieces.
The two-headed ogre shouts in stereo!
You hit the two-headed ogre but do no damage.
The two-headed ogre is no longer distracted by gold.
The two-headed ogre barely misses you.
The two-headed ogre hits you with a +0 giant spiked club.
You hit the two-headed ogre but do no damage.
Your bite misses the two-headed ogre. The two-headed ogre misses you.
The two-headed ogre hits you but does no damage.
You hit the two-headed ogre but do no damage.
You bite the two-headed ogre, but do no damage.
You hit the two-headed ogre but do no damage.
You bite the two-headed ogre, but do no damage.
The two-headed ogre hits you with a +0 giant club!!
* * * LOW HITPOINT WARNING * * *
The two-headed ogre hits you with a +0 giant spiked club!!
You die...
Your body crumbles into a pile of gold.

#####....####.......##)##.#
# #....# ##.......#...).# #
#######.........#.)#### #
#............# #
######...####.###.# #
#....#...# #.. #.#
######.88.#########.##.###
.....#.88.##..)$###.#....#
####.'....#.####@.#......#
# ######)#.# #O.##.....#
#..#.# .####.....#
##..#.##.. #.....#
#.####.### ###..### #.#
#.###).###.o# #.# #.#$O#
#...o######. #.####.#?[#
#...O....... ##....#####
#..#........


You could see a two-headed ogre.

Vanquished Creatures
  A two-headed ogre (D:6)
  Maggie (D:6)
  Eustachio (D:6)
  Duvessa (D:4)
  An ice beast (D:5)
  2 ogres
  A centaur (D:6)
  A phantom (D:6)
  A bullfrog (D:6)
  4 scorpions
  Dowan (D:4)
  A howler monkey (D:4)
  4 orc priests
  2 hounds
  4 iguanas
  6 orc wizards
  7 adders
  A dart slug (D:1)
  12 orcs
  4 endoplasms
  3 giant cockroaches
  5 goblins
  9 hobgoblins
  4 quokkas
  10 ball pythons
  6 bats
  A frilled lizard (D:1)
  6 kobolds
  3 rats
103 creatures vanquished.

Vanquished Creatures (collateral kills)
  A black bear (D:6)
1 creature vanquished.

Vanquished Creatures (others)
  A black bear (D:6)
1 creature vanquished.

Grand Total: 105 creatures vanquished

Notes
Turn   | Place    | Note
-------+----------+-------------------------------------------
     0 | D:5      | Reached skill level 9 in Stealth
     0 | D:5      | croobank the Gnoll Delver began the quest for the Orb.
     0 | D:5      | Reached XP level 1. HP: 23/23 MP: 1/1
   441 | D:2      | Reached XP level 2. HP: 29/29 MP: 2/2
   867 | D:2      | Reached XP level 3. HP: 26/35 MP: 3/3
  1000 | D:2      | Reached skill level 1 in Invocations
  1473 | D:1      | Reached skill level 1 in Short Blades
  1473 | D:1      | Reached skill level 1 in Long Blades
  1473 | D:1      | Reached skill level 1 in Maces & Flails
  1473 | D:1      | Reached skill level 1 in Polearms
  1473 | D:1      | Reached skill level 1 in Staves
  1473 | D:1      | Reached skill level 1 in Slings
  1473 | D:1      | Reached skill level 1 in Bows
  1473 | D:1      | Reached skill level 1 in Crossbows
  1473 | D:1      | Reached skill level 1 in Throwing
  1473 | D:1      | Reached skill level 1 in Armour
  1473 | D:1      | Reached skill level 1 in Shields
  1473 | D:1      | Reached skill level 1 in Unarmed Combat
  1473 | D:1      | Reached skill level 1 in Spellcasting
  1473 | D:1      | Reached skill level 1 in Evocations
  2369 | D:2      | Reached XP level 4. HP: 41/41 MP: 5/5
  3194 | D:4      | Noticed Dowan
  3196 | D:4      | Gained mutation: You have a pair of small antennae on your
                  | head. [potion of mutation]
  3196 | D:4      | Gained mutation: Your body sometimes deteriorates upon
                  | taking damage. [potion of mutation]
  3197 | D:4      | Lost mutation: You have a pair of small antennae on your
                  | head. [potion of mutation]
  3197 | D:4      | Lost mutation: Your body sometimes deteriorates upon taking
                  | damage. [potion of mutation]
  3197 | D:4      | Gained mutation: You expend magic power (3 MP) to
                  | strengthen your wands. [potion of mutation]
  3309 | D:4      | Reached skill level 1 in Conjurations
  3309 | D:4      | Reached skill level 1 in Hexes
  3309 | D:4      | Reached skill level 1 in Summonings
  3309 | D:4      | Reached skill level 1 in Necromancy
  3309 | D:4      | Reached skill level 1 in Translocations
  3309 | D:4      | Reached skill level 1 in Transmutations
  3309 | D:4      | Reached skill level 1 in Fire Magic
  3309 | D:4      | Reached skill level 1 in Ice Magic
  3309 | D:4      | Reached skill level 1 in Air Magic
  3309 | D:4      | Reached skill level 1 in Earth Magic
  3309 | D:4      | Reached skill level 1 in Poison Magic
  3323 | D:4      | Reached XP level 5. HP: 42/47 MP: 0/7
  3755 | D:4      | Noticed Duvessa
  3762 | D:4      | Learned a level 1 spell: Slow
  3765 | D:4      | Learned a level 2 spell: Ensorcelled Hibernation
  3814 | D:4      | Killed Duvessa
  3815 | D:4      | Reached XP level 6. HP: 7/53 MP: 0/8
  4135 | D:4      | Reached skill level 5 in Axes
  4135 | D:4      | Reached skill level 5 in Dodging
  4686 | D:4      | Reached XP level 7. HP: 48/59 MP: 7/10
  4893 | D:4      | Killed Dowan
  5362 | D:5      | Reached skill level 10 in Stealth
  5796 | D:5      | Found a staircase to the Ecumenical Temple.
  5888 | D:5      | Found an ornate altar of the Wu Jian Council.
  6322 | D:5      | Reached XP level 8. HP: 63/67 MP: 12/12
  6330 | D:5      | Learned a level 3 spell: Mephitic Cloud
  6992 | Temple   | Entered the Ecumenical Temple
  7000 | Temple   | Became a worshipper of Gozag Ym Sagoz the Greedy
  7088 | D:6      | Noticed Eustachio
  7100 | D:6      | Noticed Maggie
  7130 | D:6      | Killed Eustachio
  7148 | D:6      | Killed Maggie
  7400 | D:6      | Noticed a two-headed ogre
  7940 | D:6      | Learned a level 3 spell: Confusing Touch
  7984 | D:6      | Learned a level 3 spell: Frozen Ramparts
  8051 | D:6      | Reached XP level 9. HP: 50/73 MP: 2/14
  8472 | D:6      | Killed a two-headed ogre
  8833 | D:6      | Noticed a two-headed ogre
  8860 | D:6      | Slain by a two-headed ogre

Illustrated notes

Levels and vault maps discovered:
D:1:      eino_arrival_druids_welcome, layout_loops_cross, grunt_decor_fettered,
          minivault_5, dreamdust_wishing_well, hangedman_decor_push,
          dk_noncrumbling_3
D:2:      layout_loops_cross
D:3:      layout_loops_cross
D:4:      layout_cave_pods, uniq_duvessa
D:5:      layout_loops_ring, mainiacjoe_overflow_24_doors, temple_hall
D:6:      minmay_chambers_of_fours, layout_basic, grunt_decor_resistance,
          minmay_microvault, uniq_maggie, uniq_eustachio
D:7:      layout_basic, uniq_prince_ribbit1
Temple:   grunt_wide_crystal_templ

Skill      XL: |  1  2  3  4  5  6  7  8  9 |
---------------+----------------------------+-----
Stealth        | 10 | 10.5
Invocations    | 1 2 3 4 |  4.7
Short Blades   | 1 2 3 4 |  4.3
Long Blades    | 1 2 3 4 |  4.3
Maces & Flails | 1 2 3 4 |  4.3
Polearms       | 1 2 3 4 |  4.3
Staves         | 1 2 3 4 |  4.3
Slings         | 1 2 3 4 |  4.3
Bows           | 1 2 3 4 |  4.3
Crossbows      | 1 2 3 4 |  4.3
Throwing       | 1 2 3 4 |  4.3
Armour         | 1 2 3 4 |  4.3
Shields        | 1 2 3 4 |  4.3
Unarmed Combat | 1 2 3 4 |  4.3
Spellcasting   | 1 2 3 4 |  4.3
Evocations     | 1 2 3 4 |  4.3
Conjurations   | 1 2 3 |  3.5
Hexes          | 1 2 3 |  3.5
Summonings     | 1 2 3 |  3.5
Necromancy     | 1 2 3 |  3.5
Translocations | 1 2 3 |  3.5
Transmutations | 1 2 3 |  3.5
Fire Magic     | 1 2 3 |  3.5
Ice Magic      | 1 2 3 |  3.5
Air Magic      | 1 2 3 |  3.5
Earth Magic    | 1 2 3 |  3.5
Poison Magic   | 1 2 3 |  3.5
Axes           | 5 6 |  6.3
Dodging        | 5 6 |  6.3
Fighting       | 7 |  7.9

Action                   |  1- 3 |  4- 6 |  7- 9 || total
-------------------------+-------+-------+-------++-------
Melee: Hand axe          |    38 |    94 |    95 ||   227
       Bite              |     9 |    12 |    33 ||    54
       Dagger            |    44 |    28 |    61 ||   133
       Punch             |       |     2 |     5 ||     7
       War axe           |       |       |    53 ||    53
       Morningstar       |       |       |    56 ||    56
 Cast: Slow              |       |     5 |    11 ||    16
       Ensorcelled Hiber |       |     2 |     6 ||     8
       Mephitic Cloud    |       |       |     5 ||     5
       Frozen Ramparts   |       |       |     3 ||     3
       Confusing Touch   |       |       |     2 ||     2
Evoke: Wand              |       |     6 |     9 ||    15
  Use: Scroll            |    10 |     2 |    11 ||    23
       Potion            |       |     3 |     9 ||    12
 Stab: Sleeping          |    13 |    11 |     6 ||    30
       Distracted        |       |     1 |     4 ||     5
       Confused          |       |       |     1 ||     1
Armor: Leather armour    |    11 |    14 |    63 ||    88
       Acid dragon scale |       |       |    32 ||    32
Dodge: Dodged            |    42 |    75 |   207 ||   324

Table legend: (Time is in decaauts)
 A = Elapsed time spent in this place.
 B = Non-inter-level travel time spent in this place.
 C = Inter-level travel time spent in this place.
 D = Time resting spent in this place.
 E = Time spent auto-exploring this place.
 F = Levels seen in this place.
 G = Mean time per level.
                   A        B        C        D        E       F      G
               +--------+--------+--------+--------+--------+-----+--------+
         Total |   8870 |   8579 |    291 |   2741 |   3809 |   8 | 1108.8 |
       Dungeon |   8854 |   8572 |    282 |   2741 |   3809 |   7 | 1264.9 |
        Temple |     16 |      8 |      8 |      0 |      0 |   1 |   16.0 |
               +--------+--------+--------+--------+--------+-----+--------+

Top non-repeatable levels by time:
     D:5: 2187 daAuts
     D:4: 2012 daAuts
     D:6: 1220 daAuts
     D:1: 1159 daAuts
     D:2: 1091 daAuts
     D:3: 745 daAuts
     D:7: 437 daAuts
  Temple: 16 daAuts
